Connexion

Heat vs Wild

Created - 11 avril 2024 at 05:51

Goals
1 2 3 T
Heat 2 1 1 4
Wild 1 3 4 8
Shots
1 2 3 T
Heat 9 9 7 25
Wild 17 11 18 46

GoalsPenalties
1st period
1. Heat , Greg McKegg 2 (Aidan McDonough 2, Tarmo Reunanen 1) at 6:28
2. Heat , Cole Schneider 1 (Brett Leason 1, Brinson Pasichnuk 2) at 18:48
3. Wild , Tanner Pearson 5 (Joseph Gambardella 2, Jalen Chatfield 4) at 19:09
Steven Oleksy (STO) for Tripping (Minor) at 1:24
Eemeli Rasanen (IOW) for Hooking (Minor) at 9:05
2nd period
4. Wild , Tanner Pearson 6 (Lukas Jasek 1) at 3:26
5. Wild , Jalen Chatfield 1 (Taylor Raddysh 2, Anthony Louis 1) at 18:52
6. Heat , Kyle Criscuolo 2 (Brinson Pasichnuk 3, Tarmo Reunanen 2) at 19:14
7. Wild , Anders Bjork 1 (Jalen Chatfield 5, Joseph Gambardella 3) at 19:23
Aidan McDonough (STO) for Tripping (Minor) at 6:08
Brett Leason (STO) for High sticking (Double Minor) at 13:44
3rd period
8. Wild , Taylor Raddysh 1 (Anthony Louis 2, Danick Martel 2) at 4:11
9. Wild , Dillon Simpson 2 (Tanner Pearson 1, Jalen Chatfield 6) at 7:58 (PP)
10. Wild , Anthony Louis 1 (Danick Martel 3, Jalen Chatfield 7) at 10:38
11. Heat , Kyle Criscuolo 3 (Tarmo Reunanen 3, Mathieu Joseph 3) at 11:27
12. Wild , Jeremy Gregoire 1 (Ben Thomas 1, Kasper Bjorkqvist 1) at 12:46
Jan Jenik (STO) for Roughing (Minor) at 6:04
Tanner Pearson (IOW) for Fighting (Major) at 12:40
Brinson Pasichnuk (STO) for Fighting (Major) at 12:40
Kevin Gravel (STO) for Holding (Minor) at 14:16
Goalie Stats
Jake Paterson (STO), 38 saves from 46 shots - (0,826), L, 0-1-1, 60:00 minutes
Maxime Lagace (IOW), 21 saves from 25 shots - (0,840), W, 2-0-0, 60:00 minutes
3 StarsOfficial
1 - Jalen Chatfield (IOW)
2 - Anthony Louis (IOW)
3 - Taylor Raddysh (IOW)
Referees : Greg Kimmerly and Jean Hebert
Linesman : Don Henderson and Derek Amell
Game Note
Tanner Pearson beats up Brinson Pasichnuk at 12:40 of 3rd period
Finance
Level 1 -- Attendance: 1598 (79,90%) -- Ticket Income $63,920
Level 2 -- Attendance: 1000 (100,00%) -- Ticket Income $20,000
Total Attendance: 2598 (86,60%)
Total Ticket Income: $83,920
Other Income: $16,784
Total Income: $100,704



Team Name Goals Shots Shots Attemp Shots Blocked PIM HIT PP PK FO%
Heat 425511117150 / 1 (0%)143%
Wild 84682127191 / 6 (17%)057%

Heat
Player Name POS G A P +/- PIM HIT SHT SB MP PP MP PP SHT PK MP PK SHT FO% FOT
Aidan McDonoughLW011-3221218:460:4403:31050% 2
Artur KayumovLW/RW000000107:040:0901:340100% 1
Brett LeasonRW011-2402010:460:0900:00050% 2
Brinson PasichnukD0222500119:380:4404:5300% 0
Cole SchneiderLW/RW101-2001110:470:0900:0000% 0
Egor SokolovLW/RW000001307:350:0002:1410% 2
Greg McKeggC/LW/RW101-3011115:290:4400:13040% 20
Jacob BrysonD000-3010224:291:0605:1000% 0
Jan JenikC/RW000-2221010:370:0000:00036% 14
Jesper LindgrenD000-2002016:100:0902:4400% 0
John Albert C000000015:210:0000:00050% 8
Kevin GravelD000-2213014:170:0900:1300% 0
Kyle CriscuoloC/RW2022014020:341:0603:48150% 2
Mathieu JosephLW/RW0112002022:561:0606:10033% 12
Nathan SmithC0002033022:561:0606:10050% 26
Steven OleksyD000-3230323:591:0604:3400% 0
Tarmo ReunanenD0332001021:240:4406:0600% 0
Tyce ThompsonRW000-3000015:160:4400:0000% 0
Wild
Player Name POS G A P +/- PIM HIT SHT SB MP PP MP PP SHT PK MP PK SHT FO% FOT
Anders BjorkLW/RW101-1001022:225:1701:190100% 1
Anthony LouisC/LW1232005120:365:5900:00060% 5
Antti SuomelaC000000005:031:3200:00050% 2
Ben GleasonD0001002122:395:0710:5000% 0
Ben ThomasD0111010313:501:2800:0000% 0
Connor HobbsD0001011222:395:0700:5000% 0
Danick MartelC/LW0222014121:016:0220:22052% 31
Dillon SimpsonD1011024124:025:4621:0900% 0
Eemeli RasanenD0001210112:440:2300:0000% 0
Jalen ChatfieldD1451012124:055:4911:0900% 0
Jeremy GregoireC/LW/RW1011033013:251:0500:00064% 14
Joseph GambardellaC/LW022-1035021:204:5400:40060% 25
Kasper BjorkqvistLW/RW0111001012:410:0000:180100% 1
Lukas JasekC/RW011100203:250:0000:00040% 5
Michael MerschLW/RW0001005112:230:0000:00050% 2
Nikita JevpalovsLW/RW000100003:250:0000:0000% 0
Tanner PearsonLW2130525021:404:3911:19067% 3
Taylor RaddyshRW1122046020:396:0210:0000% 0



Play-by-Play

1st period


0:01 of 1st period - Nathan Smith wins face-off versus Joseph Gambardella in neutral zone.
0:31 of 1st period - Shot by Joseph Gambardella.
0:31 of 1st period - Stopped by Jake Paterson with a rebound.
0:33 of 1st period - Shot by Joseph Gambardella.
0:33 of 1st period - Shot Misses the Net.
1:15 of 1st period - Shot by Anthony Louis.
1:15 of 1st period - Shot Misses the Net.
1:21 of 1st period - Shot by Anthony Louis.
1:21 of 1st period - Stopped by Jake Paterson with a rebound.
1:23 of 1st period - Shot by Danick Martel.
1:23 of 1st period - Shot Misses the Net.
1:24 of 1st period - Minor Penalty to Steven Oleksy for Tripping.
1:25 of 1st period - Artur Kayumov wins face-off versus Joseph Gambardella in Heat zone.
2:26 of 1st period - Icing by Ben Gleason.
2:27 of 1st period - Aidan McDonough wins face-off versus Danick Martel in Wild zone.
2:30 of 1st period - Shot by Kyle Criscuolo.
2:30 of 1st period - Stopped by Maxime Lagace without a rebound.
2:31 of 1st period - Danick Martel wins face-off versus Mathieu Joseph in Wild zone.
3:18 of 1st period - Off-side.
3:19 of 1st period - Joseph Gambardella wins face-off versus Mathieu Joseph in neutral zone.
3:22 of 1st period - Brinson Pasichnuk is hit by Joseph Gambardella and loses puck.
3:38 of 1st period - Jeremy Gregoire is hit by Kevin Gravel and loses puck.
3:52 of 1st period - Icing by Jesper Lindgren.
3:53 of 1st period - Brett Leason wins face-off versus Joseph Gambardella in Heat zone.
3:58 of 1st period - Brett Leason is hit by Joseph Gambardella and loses puck.
5:31 of 1st period - Shot by Taylor Raddysh.
5:31 of 1st period - Stopped by Jake Paterson without a rebound.
5:32 of 1st period - Jeremy Gregoire wins face-off versus John Albert in Heat zone.
5:39 of 1st period - Shot by Jeremy Gregoire.
5:39 of 1st period - Stopped by Jake Paterson with a rebound.
5:41 of 1st period - Shot by Jeremy Gregoire.
5:41 of 1st period - Stopped by Jake Paterson without a rebound.
5:42 of 1st period - Jeremy Gregoire wins face-off versus Nathan Smith in Heat zone.
5:43 of 1st period - Shot by Michael Mersch.
5:43 of 1st period - Stopped by Jake Paterson without a rebound.
5:44 of 1st period - Anthony Louis wins face-off versus Nathan Smith in Heat zone.
5:44 of 1st period - Anthony Louis is hit by Steven Oleksy.
6:01 of 1st period - Shot by Mathieu Joseph.
6:01 of 1st period - Shot Misses the Net.
6:10 of 1st period - Icing by Dillon Simpson.
6:11 of 1st period - Danick Martel wins face-off versus Greg McKegg in Wild zone.
6:11 of 1st period - Anthony Louis is hit by Aidan McDonough and loses puck.
6:28 of 1st period - Shot by Greg McKegg.
6:28 of 1st period - Goal by Greg McKegg - Heat : 1 - Wild : 0.
6:29 of 1st period - Joseph Gambardella wins face-off versus Jan Jenik in neutral zone.
6:39 of 1st period - Shot by Brett Leason.
6:39 of 1st period - Shot Misses the Net.
6:41 of 1st period - Shot by Cole Schneider.
6:41 of 1st period - Shot Blocked by Ben Thomas.
6:43 of 1st period - Shot by Kevin Gravel.
6:43 of 1st period - Stopped by Maxime Lagace without a rebound.
6:44 of 1st period - Greg McKegg wins face-off versus Jeremy Gregoire in Wild zone.
8:08 of 1st period - Shot by Dillon Simpson.
8:08 of 1st period - Stopped by Jake Paterson with a rebound.
8:10 of 1st period - Shot by Tanner Pearson.
8:10 of 1st period - Stopped by Jake Paterson without a rebound.
8:11 of 1st period - John Albert wins face-off versus Danick Martel in Heat zone.
8:18 of 1st period - Shot by Jesper Lindgren.
8:18 of 1st period - Stopped by Maxime Lagace with a rebound.
8:20 of 1st period - Shot by Jesper Lindgren.
8:20 of 1st period - Deflect By Egor Sokolov.
8:20 of 1st period - Shot Misses the Net.
8:22 of 1st period - Shot by Egor Sokolov.
8:22 of 1st period - Deflect By Artur Kayumov.
8:22 of 1st period - Shot Blocked by Ben Thomas.
8:24 of 1st period - Shot by Jesper Lindgren.
8:24 of 1st period - Stopped by Maxime Lagace with a rebound.
8:26 of 1st period - Shot by Artur Kayumov.
8:26 of 1st period - Shot Hit the Post.
8:28 of 1st period - Shot by Jesper Lindgren.
8:28 of 1st period - Shot Misses the Net.
8:30 of 1st period - Shot by Egor Sokolov.
8:30 of 1st period - Stopped by Maxime Lagace with a rebound.
8:38 of 1st period - Shot by Egor Sokolov.
8:38 of 1st period - Shot Blocked by Ben Thomas.
8:40 of 1st period - Shot by Egor Sokolov.
8:40 of 1st period - Shot Blocked by Danick Martel.
8:55 of 1st period - Icing by Taylor Raddysh.
8:56 of 1st period - Jan Jenik wins face-off versus Anthony Louis in Wild zone.
9:02 of 1st period - Icing by Eemeli Rasanen.
9:03 of 1st period - Greg McKegg wins face-off versus Danick Martel in Wild zone.
9:04 of 1st period - Shot by Aidan McDonough.
9:04 of 1st period - Shot Blocked by Eemeli Rasanen.
9:05 of 1st period - Minor Penalty to Eemeli Rasanen for Hooking.
9:06 of 1st period - Nathan Smith wins face-off versus Tanner Pearson in Wild zone.
11:23 of 1st period - Shot by Jeremy Gregoire.
11:23 of 1st period - Deflect By Kasper Bjorkqvist.
11:23 of 1st period - Shot Misses the Net.
11:25 of 1st period - Shot by Jeremy Gregoire.
11:25 of 1st period - Shot Misses the Net.
11:27 of 1st period - Shot by Michael Mersch.
11:27 of 1st period - Stopped by Jake Paterson with a rebound.
11:29 of 1st period - Shot by Michael Mersch.
11:29 of 1st period - Stopped by Jake Paterson without a rebound.
11:30 of 1st period - Danick Martel wins face-off versus Jan Jenik in Heat zone.
11:46 of 1st period - Icing by Connor Hobbs.
11:47 of 1st period - Greg McKegg wins face-off versus Danick Martel in Wild zone.
12:01 of 1st period - Icing by Taylor Raddysh.
12:02 of 1st period - Nathan Smith wins face-off versus Danick Martel in Wild zone.
12:17 of 1st period - Shot by Anthony Louis.
12:17 of 1st period - Deflect By Danick Martel.
12:17 of 1st period - Shot Misses the Net.
12:19 of 1st period - Shot by Taylor Raddysh.
12:19 of 1st period - Deflect By Anthony Louis.
12:19 of 1st period - Stopped by Jake Paterson with a rebound.
12:21 of 1st period - Shot by Ben Gleason.
12:21 of 1st period - Stopped by Jake Paterson with a rebound.
12:23 of 1st period - Shot by Taylor Raddysh.
12:23 of 1st period - Stopped by Jake Paterson without a rebound.
12:24 of 1st period - Tanner Pearson wins face-off versus Greg McKegg in Heat zone.
12:25 of 1st period - Shot by Joseph Gambardella.
12:25 of 1st period - Shot Blocked by Jacob Bryson.
13:51 of 1st period - Greg McKegg is hit by Jeremy Gregoire and loses puck.
14:04 of 1st period - Shot by Danick Martel.
14:04 of 1st period - Stopped by Jake Paterson without a rebound.
14:05 of 1st period - Danick Martel wins face-off versus Nathan Smith in Heat zone.
14:10 of 1st period - Shot by Taylor Raddysh.
14:10 of 1st period - Stopped by Jake Paterson with a rebound.
15:15 of 1st period - Jesper Lindgren is hit by Dillon Simpson.
15:21 of 1st period - Shot by Brett Leason.
15:21 of 1st period - Shot Misses the Net.
15:36 of 1st period - Brett Leason is hit by Tanner Pearson and loses puck.
16:06 of 1st period - Artur Kayumov is hit by Jalen Chatfield and loses puck.
16:31 of 1st period - Shot by Kasper Bjorkqvist.
16:31 of 1st period - Shot Blocked by John Albert .
16:33 of 1st period - Shot by Jeremy Gregoire.
16:33 of 1st period - Shot Misses the Net.
16:35 of 1st period - Shot by Michael Mersch.
16:35 of 1st period - Stopped by Jake Paterson without a rebound.
16:36 of 1st period - Jeremy Gregoire wins face-off versus Nathan Smith in Heat zone.
16:57 of 1st period - Shot by Steven Oleksy.
16:57 of 1st period - Deflect By Nathan Smith.
16:57 of 1st period - Stopped by Maxime Lagace without a rebound.
16:58 of 1st period - Greg McKegg wins face-off versus Danick Martel in Wild zone.
17:01 of 1st period - Shot by Tyce Thompson.
17:01 of 1st period - Shot Blocked by Ben Gleason.
17:39 of 1st period - Shot by Mathieu Joseph.
17:39 of 1st period - Shot Blocked by Anthony Louis.
17:59 of 1st period - Shot by Mathieu Joseph.
17:59 of 1st period - Shot Misses the Net.
18:46 of 1st period - Shot by Cole Schneider.
18:46 of 1st period - Shot Misses the Net.
18:48 of 1st period - Shot by Cole Schneider.
18:48 of 1st period - Goal by Cole Schneider - Heat : 2 - Wild : 0.
18:49 of 1st period - Lukas Jasek wins face-off versus Greg McKegg in neutral zone.
18:51 of 1st period - Off-side.
18:52 of 1st period - Joseph Gambardella wins face-off versus Greg McKegg in neutral zone.
19:09 of 1st period - Shot by Tanner Pearson.
19:09 of 1st period - Goal by Tanner Pearson - Heat : 2 - Wild : 1.
19:10 of 1st period - Nathan Smith wins face-off versus Danick Martel in neutral zone.
19:44 of 1st period - Shot by Mathieu Joseph.
19:44 of 1st period - Stopped by Maxime Lagace without a rebound.
19:45 of 1st period - Joseph Gambardella wins face-off versus Greg McKegg in Wild zone.
19:45 of 1st period - Joseph Gambardella is hit by Greg McKegg.
Goals for this period are 2 for Heat vs 1 for Wild.
Shots for this period are 9 for Heat vs 17 for Wild.

2nd period


0:01 of 2nd period - Joseph Gambardella wins face-off versus Nathan Smith in neutral zone.
0:08 of 2nd period - Jacob Bryson is hit by Joseph Gambardella and loses puck.
0:15 of 2nd period - Shot by Kyle Criscuolo.
0:15 of 2nd period - Stopped by Maxime Lagace without a rebound.
0:16 of 2nd period - Kasper Bjorkqvist wins face-off versus Jan Jenik in Wild zone.
2:31 of 2nd period - Shot by Anthony Louis.
2:31 of 2nd period - Shot Misses the Net.
2:33 of 2nd period - Shot by Danick Martel.
2:33 of 2nd period - Shot Misses the Net.
2:35 of 2nd period - Shot by Anthony Louis.
2:35 of 2nd period - Shot Misses the Net.
2:37 of 2nd period - Shot by Danick Martel.
2:37 of 2nd period - Shot Blocked by Greg McKegg.
2:47 of 2nd period - Shot by Danick Martel.
2:47 of 2nd period - Shot Misses the Net.
2:49 of 2nd period - Shot by Anthony Louis.
2:49 of 2nd period - Shot Misses the Net.
2:55 of 2nd period - Shot by Taylor Raddysh.
2:55 of 2nd period - Shot Misses the Net.
3:15 of 2nd period - Shot by Brett Leason.
3:15 of 2nd period - Stopped by Maxime Lagace without a rebound.
3:16 of 2nd period - Tanner Pearson wins face-off versus Jan Jenik in Wild zone.
3:24 of 2nd period - Shot by Tanner Pearson.
3:24 of 2nd period - Shot Blocked by Cole Schneider.
3:26 of 2nd period - Shot by Tanner Pearson.
3:26 of 2nd period - Goal by Tanner Pearson - Heat : 2 - Wild : 2.
3:27 of 2nd period - Jeremy Gregoire wins face-off versus Nathan Smith in neutral zone.
3:47 of 2nd period - Shot by Kyle Criscuolo.
3:47 of 2nd period - Shot Blocked by Jalen Chatfield.
3:49 of 2nd period - Shot by Nathan Smith.
3:49 of 2nd period - Shot Misses the Net.
3:51 of 2nd period - Shot by Nathan Smith.
3:51 of 2nd period - Stopped by Maxime Lagace without a rebound.
3:52 of 2nd period - Joseph Gambardella wins face-off versus Jan Jenik in Wild zone.
3:59 of 2nd period - Anders Bjork is hit by Jan Jenik and loses puck.
4:23 of 2nd period - Icing by Tarmo Reunanen.
4:24 of 2nd period - Jan Jenik wins face-off versus Anthony Louis in Heat zone.
4:24 of 2nd period - Jan Jenik is hit by Taylor Raddysh.
4:45 of 2nd period - Icing by Cole Schneider.
4:46 of 2nd period - Jan Jenik wins face-off versus Jeremy Gregoire in Heat zone.
4:46 of 2nd period - Tarmo Reunanen is hit by Jeremy Gregoire and loses puck.
5:30 of 2nd period - Kyle Criscuolo is hit by Dillon Simpson and loses puck.
6:08 of 2nd period - Minor Penalty to Aidan McDonough for Tripping.
6:09 of 2nd period - Mathieu Joseph wins face-off versus Danick Martel in Heat zone.
6:50 of 2nd period - Off-side.
6:51 of 2nd period - Joseph Gambardella wins face-off versus Mathieu Joseph in neutral zone.
7:03 of 2nd period - Shot by Egor Sokolov.
7:03 of 2nd period - Stopped by Maxime Lagace without a rebound.
7:04 of 2nd period - Joseph Gambardella wins face-off versus Mathieu Joseph in Wild zone.
8:30 of 2nd period - Shot by Aidan McDonough.
8:30 of 2nd period - Stopped by Maxime Lagace without a rebound.
8:31 of 2nd period - Danick Martel wins face-off versus Jan Jenik in Wild zone.
8:31 of 2nd period - Danick Martel is hit by Jan Jenik.
9:20 of 2nd period - Tyce Thompson is hit by Danick Martel.
10:20 of 2nd period - Shot by Mathieu Joseph.
10:20 of 2nd period - Stopped by Maxime Lagace without a rebound.
10:21 of 2nd period - Jeremy Gregoire wins face-off versus John Albert in Wild zone.
10:40 of 2nd period - Shot by Kasper Bjorkqvist.
10:40 of 2nd period - Stopped by Jake Paterson with a rebound.
11:18 of 2nd period - Shot by Lukas Jasek.
11:18 of 2nd period - Deflect By Tanner Pearson.
11:18 of 2nd period - Stopped by Jake Paterson without a rebound.
11:19 of 2nd period - Nathan Smith wins face-off versus Danick Martel in Heat zone.
11:23 of 2nd period - Icing by Kyle Criscuolo.
11:24 of 2nd period - Anthony Louis wins face-off versus Nathan Smith in Heat zone.
11:50 of 2nd period - Shot by Anthony Louis.
11:50 of 2nd period - Shot Misses the Net.
12:19 of 2nd period - Icing by Taylor Raddysh.
12:20 of 2nd period - Greg McKegg wins face-off versus Danick Martel in Wild zone.
12:26 of 2nd period - Icing by Jalen Chatfield.
12:27 of 2nd period - Danick Martel wins face-off versus Greg McKegg in Wild zone.
13:44 of 2nd period - Double Minor Penalty to Brett Leason for High sticking.
13:45 of 2nd period - Danick Martel wins face-off versus Mathieu Joseph in Heat zone.
14:32 of 2nd period - Ben Gleason is hit by Steven Oleksy and loses puck.
14:45 of 2nd period - Shot by Ben Gleason.
14:45 of 2nd period - Stopped by Jake Paterson without a rebound.
14:46 of 2nd period - Danick Martel wins face-off versus Mathieu Joseph in Heat zone.
16:46 of 2nd period - Shot by Dillon Simpson.
16:46 of 2nd period - Stopped by Jake Paterson without a rebound.
16:47 of 2nd period - Danick Martel wins face-off versus Egor Sokolov in Heat zone.
17:06 of 2nd period - Shot by Danick Martel.
17:06 of 2nd period - Stopped by Jake Paterson with a rebound.
17:08 of 2nd period - Shot by Jalen Chatfield.
17:08 of 2nd period - Stopped by Jake Paterson with a rebound.
17:10 of 2nd period - Shot by Jalen Chatfield.
17:10 of 2nd period - Shot Misses the Net.
18:12 of 2nd period - Icing by Antti Suomela.
18:13 of 2nd period - Greg McKegg wins face-off versus Antti Suomela in Wild zone.
18:26 of 2nd period - Shot by Tarmo Reunanen.
18:26 of 2nd period - Stopped by Maxime Lagace without a rebound.
18:27 of 2nd period - John Albert wins face-off versus Lukas Jasek in Wild zone.
18:29 of 2nd period - Egor Sokolov is hit by Connor Hobbs and loses puck.
18:36 of 2nd period - Shot by Egor Sokolov.
18:36 of 2nd period - Stopped by Maxime Lagace without a rebound.
18:37 of 2nd period - Danick Martel wins face-off versus Greg McKegg in Wild zone.
18:50 of 2nd period - Shot by Taylor Raddysh.
18:50 of 2nd period - Shot Misses the Net.
18:52 of 2nd period - Shot by Jalen Chatfield.
18:52 of 2nd period - Goal by Jalen Chatfield - Heat : 2 - Wild : 3.
18:53 of 2nd period - Joseph Gambardella wins face-off versus Nathan Smith in neutral zone.
18:53 of 2nd period - Joseph Gambardella is hit by Kyle Criscuolo.
19:14 of 2nd period - Shot by Kyle Criscuolo.
19:14 of 2nd period - Goal by Kyle Criscuolo - Heat : 3 - Wild : 3.
19:15 of 2nd period - Danick Martel wins face-off versus Greg McKegg in neutral zone.
19:21 of 2nd period - Icing by Jacob Bryson.
19:22 of 2nd period - Joseph Gambardella wins face-off versus Greg McKegg in Heat zone.
19:23 of 2nd period - Shot by Jalen Chatfield.
19:23 of 2nd period - Deflect By Anders Bjork.
19:23 of 2nd period - Goal by Anders Bjork - Heat : 3 - Wild : 4.
19:24 of 2nd period - Nathan Smith wins face-off versus Joseph Gambardella in neutral zone.
19:29 of 2nd period - Jalen Chatfield is hit by Nathan Smith.
19:35 of 2nd period - Shot by Joseph Gambardella.
19:35 of 2nd period - Stopped by Jake Paterson without a rebound.
19:36 of 2nd period - Anthony Louis wins face-off versus Greg McKegg in Heat zone.
19:54 of 2nd period - Shot by Danick Martel.
19:54 of 2nd period - Shot Blocked by Brinson Pasichnuk.
19:56 of 2nd period - Shot by Anthony Louis.
19:56 of 2nd period - Shot Misses the Net.
19:58 of 2nd period - Shot by Connor Hobbs.
19:58 of 2nd period - Stopped by Jake Paterson without a rebound.
19:59 of 2nd period - Nathan Smith wins face-off versus Joseph Gambardella in Heat zone.
Goals for this period are 1 for Heat vs 3 for Wild.
Shots for this period are 9 for Heat vs 11 for Wild.

3rd period


0:01 of 3rd period - Joseph Gambardella wins face-off versus Nathan Smith in neutral zone.
0:01 of 3rd period - Joseph Gambardella is hit by Nathan Smith.
0:28 of 3rd period - Shot by Joseph Gambardella.
0:28 of 3rd period - Stopped by Jake Paterson with a rebound.
0:30 of 3rd period - Shot by Anders Bjork.
0:30 of 3rd period - Shot Blocked by Steven Oleksy.
1:12 of 3rd period - Shot by Taylor Raddysh.
1:12 of 3rd period - Deflect By Anthony Louis.
1:12 of 3rd period - Shot Misses the Net.
1:20 of 3rd period - Shot by Tyce Thompson.
1:20 of 3rd period - Shot Blocked by Connor Hobbs.
1:55 of 3rd period - Off-side.
1:56 of 3rd period - Jeremy Gregoire wins face-off versus Egor Sokolov in neutral zone.
2:08 of 3rd period - Icing by Kevin Gravel.
2:09 of 3rd period - John Albert wins face-off versus Joseph Gambardella in Heat zone.
2:29 of 3rd period - Icing by Jesper Lindgren.
2:30 of 3rd period - John Albert wins face-off versus Jeremy Gregoire in Heat zone.
2:32 of 3rd period - Egor Sokolov is hit by Jeremy Gregoire and loses puck.
2:37 of 3rd period - Michael Mersch is hit by Egor Sokolov.
2:42 of 3rd period - Artur Kayumov is hit by Eemeli Rasanen and loses puck.
2:45 of 3rd period - Shot by Kevin Gravel.
2:45 of 3rd period - Stopped by Maxime Lagace without a rebound.
2:46 of 3rd period - Nathan Smith wins face-off versus Joseph Gambardella in Wild zone.
3:01 of 3rd period - Shot by Nathan Smith.
3:01 of 3rd period - Shot Misses the Net.
4:03 of 3rd period - Shot by Taylor Raddysh.
4:03 of 3rd period - Stopped by Jake Paterson with a rebound.
4:05 of 3rd period - Shot by Danick Martel.
4:05 of 3rd period - Stopped by Jake Paterson with a rebound.
4:07 of 3rd period - Shot by Anthony Louis.
4:07 of 3rd period - Stopped by Jake Paterson with a rebound.
4:09 of 3rd period - Shot by Anthony Louis.
4:09 of 3rd period - Shot Blocked by Aidan McDonough.
4:11 of 3rd period - Shot by Taylor Raddysh.
4:11 of 3rd period - Goal by Taylor Raddysh - Heat : 3 - Wild : 5.
4:12 of 3rd period - Jan Jenik wins face-off versus Michael Mersch in neutral zone.
4:42 of 3rd period - Shot by Kasper Bjorkqvist.
4:42 of 3rd period - Shot Misses the Net.
4:44 of 3rd period - Shot by Michael Mersch.
4:44 of 3rd period - Stopped by Jake Paterson without a rebound.
4:45 of 3rd period - Kyle Criscuolo wins face-off versus Danick Martel in Heat zone.
5:20 of 3rd period - Shot by Nathan Smith.
5:20 of 3rd period - Stopped by Maxime Lagace without a rebound.
5:21 of 3rd period - Joseph Gambardella wins face-off versus Greg McKegg in Wild zone.
5:40 of 3rd period - Shot by Joseph Gambardella.
5:40 of 3rd period - Stopped by Jake Paterson with a rebound.
5:42 of 3rd period - Shot by Dillon Simpson.
5:42 of 3rd period - Stopped by Jake Paterson without a rebound.
5:43 of 3rd period - Jeremy Gregoire wins face-off versus Jan Jenik in Heat zone.
5:57 of 3rd period - Kevin Gravel is hit by Ben Thomas and loses puck.
6:04 of 3rd period - Minor Penalty to Jan Jenik for Roughing.
6:05 of 3rd period - Anders Bjork wins face-off versus Mathieu Joseph in Heat zone.
6:05 of 3rd period - Jalen Chatfield is hit by Steven Oleksy and loses puck.
6:24 of 3rd period - Shot by Tanner Pearson.
6:24 of 3rd period - Stopped by Jake Paterson without a rebound.
6:25 of 3rd period - Mathieu Joseph wins face-off versus Danick Martel in Heat zone.
6:25 of 3rd period - Mathieu Joseph is hit by Taylor Raddysh.
6:38 of 3rd period - Icing by Taylor Raddysh.
6:39 of 3rd period - Mathieu Joseph wins face-off versus Danick Martel in Wild zone.
7:10 of 3rd period - Shot by Danick Martel.
7:10 of 3rd period - Deflect By Taylor Raddysh.
7:10 of 3rd period - Stopped by Jake Paterson with a rebound.
7:58 of 3rd period - Shot by Dillon Simpson.
7:58 of 3rd period - Goal by Dillon Simpson - Heat : 3 - Wild : 6.
7:59 of 3rd period - Jan Jenik wins face-off versus Jeremy Gregoire in neutral zone.
8:05 of 3rd period - Shot by Cole Schneider.
8:05 of 3rd period - Shot Blocked by Michael Mersch.
8:07 of 3rd period - Shot by Kevin Gravel.
8:07 of 3rd period - Stopped by Maxime Lagace without a rebound.
8:08 of 3rd period - Michael Mersch wins face-off versus John Albert in Wild zone.
8:19 of 3rd period - Shot by John Albert .
8:19 of 3rd period - Shot Misses the Net.
9:24 of 3rd period - Off-side.
9:25 of 3rd period - Greg McKegg wins face-off versus Lukas Jasek in neutral zone.
9:36 of 3rd period - Tyce Thompson is hit by Tanner Pearson and loses puck.
9:59 of 3rd period - Shot by Lukas Jasek.
9:59 of 3rd period - Stopped by Jake Paterson without a rebound.
10:00 of 3rd period - Nathan Smith wins face-off versus Danick Martel in Heat zone.
10:00 of 3rd period - Nathan Smith is hit by Taylor Raddysh.
10:09 of 3rd period - Off-side.
10:10 of 3rd period - Danick Martel wins face-off versus Jan Jenik in neutral zone.
10:28 of 3rd period - Shot by Taylor Raddysh.
10:28 of 3rd period - Deflect By Anthony Louis.
10:28 of 3rd period - Shot Blocked by Steven Oleksy.
10:38 of 3rd period - Shot by Anthony Louis.
10:38 of 3rd period - Goal by Anthony Louis - Heat : 3 - Wild : 7.
10:39 of 3rd period - Joseph Gambardella wins face-off versus Nathan Smith in neutral zone.
10:51 of 3rd period - Icing by Brinson Pasichnuk.
10:52 of 3rd period - Lukas Jasek wins face-off versus Nathan Smith in Heat zone.
11:00 of 3rd period - Icing by Nathan Smith.
11:01 of 3rd period - Nathan Smith wins face-off versus Joseph Gambardella in Heat zone.
11:06 of 3rd period - Anders Bjork is hit by Nathan Smith and loses puck.
11:13 of 3rd period - Shot by Kyle Criscuolo.
11:13 of 3rd period - Shot Blocked by Dillon Simpson.
11:27 of 3rd period - Shot by Kyle Criscuolo.
11:27 of 3rd period - Goal by Kyle Criscuolo - Heat : 4 - Wild : 7.
11:28 of 3rd period - Danick Martel wins face-off versus Greg McKegg in neutral zone.
11:33 of 3rd period - Shot by Taylor Raddysh.
11:33 of 3rd period - Shot Blocked by Aidan McDonough.
11:41 of 3rd period - Shot by Taylor Raddysh.
11:41 of 3rd period - Shot Misses the Net.
11:45 of 3rd period - Shot by Taylor Raddysh.
11:45 of 3rd period - Shot Hit the Post.
11:47 of 3rd period - Shot by Connor Hobbs.
11:47 of 3rd period - Shot Blocked by Jacob Bryson.
11:49 of 3rd period - Shot by Ben Gleason.
11:49 of 3rd period - Shot Misses the Net.
12:08 of 3rd period - Anthony Louis is hit by Jacob Bryson and loses puck.
12:40 of 3rd period - Tanner Pearson beats up Brinson Pasichnuk.
12:40 of 3rd period - Penalty to Tanner Pearson for Fighting.
12:40 of 3rd period - Penalty to Brinson Pasichnuk for Fighting.
12:41 of 3rd period - Jeremy Gregoire wins face-off versus Brett Leason in Heat zone.
12:46 of 3rd period - Shot by Jeremy Gregoire.
12:46 of 3rd period - Goal by Jeremy Gregoire - Heat : 4 - Wild : 8.
12:47 of 3rd period - Nathan Smith wins face-off versus Lukas Jasek in neutral zone.
12:55 of 3rd period - Icing by Kyle Criscuolo.
12:56 of 3rd period - Nathan Smith wins face-off versus Joseph Gambardella in Heat zone.
13:15 of 3rd period - Shot by Joseph Gambardella.
13:15 of 3rd period - Stopped by Jake Paterson without a rebound.
13:16 of 3rd period - Antti Suomela wins face-off versus Jan Jenik in Heat zone.
13:45 of 3rd period - Shot by Lukas Jasek.
13:45 of 3rd period - Stopped by Jake Paterson with a rebound.
13:47 of 3rd period - Shot by Antti Suomela.
13:47 of 3rd period - Deflect By Lukas Jasek.
13:47 of 3rd period - Shot Blocked by Steven Oleksy.
14:16 of 3rd period - Minor Penalty to Kevin Gravel for Holding.
14:17 of 3rd period - Danick Martel wins face-off versus Mathieu Joseph in Heat zone.
14:36 of 3rd period - Shot by Dillon Simpson.
14:36 of 3rd period - Shot Misses the Net.
14:38 of 3rd period - Shot by Danick Martel.
14:38 of 3rd period - Shot Misses the Net.
14:40 of 3rd period - Shot by Danick Martel.
14:40 of 3rd period - Stopped by Jake Paterson without a rebound.
14:41 of 3rd period - Mathieu Joseph wins face-off versus Joseph Gambardella in Heat zone.
15:08 of 3rd period - Shot by Antti Suomela.
15:08 of 3rd period - Shot Misses the Net.
15:30 of 3rd period - Icing by Danick Martel.
15:31 of 3rd period - Danick Martel wins face-off versus Aidan McDonough in Wild zone.
16:36 of 3rd period - Shot by Jan Jenik.
16:36 of 3rd period - Stopped by Maxime Lagace without a rebound.
16:37 of 3rd period - Joseph Gambardella wins face-off versus John Albert in Wild zone.
16:58 of 3rd period - Shot by Egor Sokolov.
16:58 of 3rd period - Shot Blocked by Connor Hobbs.
17:00 of 3rd period - Shot by Artur Kayumov.
17:00 of 3rd period - Stopped by Maxime Lagace with a rebound.
17:04 of 3rd period - Shot by Egor Sokolov.
17:04 of 3rd period - Shot Misses the Net.
17:08 of 3rd period - Shot by John Albert .
17:08 of 3rd period - Shot Misses the Net.
17:28 of 3rd period - Antti Suomela is hit by Aidan McDonough and loses puck.
18:05 of 3rd period - Icing by Joseph Gambardella.
18:06 of 3rd period - Joseph Gambardella wins face-off versus Nathan Smith in Wild zone.
19:22 of 3rd period - Shot by Brett Leason.
19:22 of 3rd period - Shot Misses the Net.
19:24 of 3rd period - Shot by Brett Leason.
19:24 of 3rd period - Stopped by Maxime Lagace without a rebound.
19:25 of 3rd period - Greg McKegg wins face-off versus Jeremy Gregoire in Wild zone.
19:44 of 3rd period - Icing by Ben Thomas.
19:45 of 3rd period - Jeremy Gregoire wins face-off versus Nathan Smith in Wild zone.
19:53 of 3rd period - Icing by Jesper Lindgren.
19:54 of 3rd period - Danick Martel wins face-off versus Kyle Criscuolo in Heat zone.
19:57 of 3rd period - Shot by Anthony Louis.
19:57 of 3rd period - Stopped by Jake Paterson without a rebound.
19:58 of 3rd period - Nathan Smith wins face-off versus Danick Martel in Heat zone.
19:58 of 3rd period - Nathan Smith is hit by Taylor Raddysh.
Goals for this period are 1 for Heat vs 4 for Wild.
Shots for this period are 7 for Heat vs 18 for Wild.